 Dungeon Crawl Stone Soup version 0.21-a0-110-g8e1637b (webtiles) character file.

6150 nikopol the Thaumaturge (level 10, -10/53 HPs)
             Began as a Deep Elf Fire Elementalist on July 8, 2017.
             Was a Priest of Vehumet.
             Mangled by a very large slime creature (61 damage)
             ... on level 9 of the Dungeon.
             The game lasted 00:49:32 (12193 turns).

nikopol the Thaumaturge (DEFE)                     Turns: 12193, Time: 00:49:32

Health: -10/53     AC:  6    Str:  5    XL:     10   Next: 59%
Magic:  14/28      EV: 15    Int: 24    God:    Vehumet [***...]
Gold:   493        SH:  0    Dex: 15    Spells: 17/33 levels left

rFire    . . .     SeeInvis +   f - +1 short sword (speed)
rCold    . . .     Gourm    .   (no shield)
rNeg     . . .     Faith    .   a - +0 robe
rPois    .         Spirit   .   y - +2 helmet {SInv}
rElec    .         Reflect  .   (no cloak)
rCorr    .         Harm     .   G - +0 pair of gloves
MR       +....                  (no boots)
Stlth    +++.......             (no amulet)
HPRegen  0.17/turn              j - ring of wizardry
MPRegen  0.21/turn              o - ring of flight

@: no status effects
A: no striking features
a: Renounce Religion, Evoke Flight


You were on level 9 of the Dungeon.
You worshipped Vehumet.
Vehumet was most pleased with you.
You were hungry.

You visited 2 branches of the dungeon, and saw 10 of its levels.

You collected 493 gold pieces.

Inventory:

Hand Weapons
 d - a +1 dagger
 f - a +1 short sword of speed (weapon)
Armour
 a - a +0 robe (worn)
 m - a +2 hat
 y - a +2 helmet of see invisible (worn)
 G - a +0 pair of gloves (worn)
Jewellery
 j - a ring of wizardry (left hand)
 o - a ring of flight (right hand)
Wands
 l - a wand of enslavement (10/24)
 s - a wand of polymorph (11/24)
 H - a wand of enslavement (12/24)
 J - a wand of scattershot (9/9)
Scrolls
 g - a scroll of immolation {unknown}
 h - 2 scrolls of enchant weapon
 i - 5 scrolls of identify
 k - a scroll of magic mapping {unknown}
 p - a scroll of noise {unknown}
 q - 6 scrolls of remove curse
 v - a scroll of teleportation
 E - 2 scrolls of recharging
 I - a scroll of fear
 K - a scroll of amnesia {unknown}
Potions
 e - 3 potions of mutation
 n - a potion of resistance
 t - 2 potions of flight
 w - a potion of haste {unknown}
 x - a potion of brilliance {unknown}
 z - a potion of magic {unknown}
 A - a potion of invisibility {unknown}
 B - a potion of might {unknown}
 C - a potion of degeneration {unknown}
 D - 3 potions of curing {unknown}
 F - a potion of cancellation {unknown}
 M - 2 potions of ambrosia {unknown}
Books
 b - a book of Flames

   Spells                             Type                      Level
   a - Flame Tongue                   Conjuration/Fire             1
   b - Throw Flame                    Conjuration/Fire             2
   c - Conjure Flame                  Conjuration/Fire             3
   d - Inner Flame                    Hexes/Fire                   3
   e - Sticky Flame                   Conjuration/Fire             4
   f - Fireball                       Conjuration/Fire             5
Comestibles
 c - 3 bread rations
 r - 5 meat rations
 u - 7 royal jellies
 L - 24 fruits


   Skills:
 + Level 2.1 Fighting
 + Level 4.7 Dodging
 + Level 4.8 Stealth
 + Level 12.2 Spellcasting
 + Level 9.4 Conjurations
 + Level 9.7 Fire Magic


You had 17 spell levels left.
You knew the following spells:

 Your Spells              Type           Power        Failure   Level  Hunger
a - Flame Tongue          Conj/Fire      #####        1%          1    None
b - Throw Flame           Conj/Fire      ######       1%          2    None
c - Conjure Flame         Conj/Fire      ######..     1%          3    None
d - Fireball              Conj/Fire      ######....   1%          5    ###....
e - Throw Frost           Conj/Ice       #####.       1%          2    None
f - Dazzling Spray        Conj/Hex       #####.       1%          3    None


Dungeon Overview and Level Annotations

Branches:
Dungeon (9/15)             Temple (1/1) D:4
   Lair: D:8-11         Orc: D:9-12

Altars:
Ashenzari
Cheibriados
Dithmenos
Elyvilon
Fedhas
Gozag
Hepliaklqana
Kikubaaqudgha
Makhleb
Nemelex Xobeh
Okawaru
Qazlal
Ru
Sif Muna
Trog
Uskayaw
Vehumet
Wu Jian
Xom
Yredelemnul
Zin
The Shining One

Annotations:
D:9 Pikel


Message History

The slime creature quivers.
Two slime creatures merge to form a very large slime creature.
Casting: Flame Tongue
Confirm with . or Enter, or press ? or * to list all spells.
Aiming: Flame Tongue
Press: ? - help, Shift-Dir - straight line, f/p - very large slime creature
Aim: a very large slime creature (flame, heavily wounded)
The flame tongue hits the very large slime creature.
The very large slime creature is heavily wounded.
Casting: Flame Tongue
Confirm with . or Enter, or press ? or * to list all spells.
Aiming: Flame Tongue
Press: ? - help, Shift-Dir - straight line, f/p - very large slime creature
Aim: a very large slime creature (flame, heavily wounded)
The flame tongue hits the very large slime creature.
The very large slime creature is heavily wounded.
The very large slime creature is engulfed in blazing flames.
The very large slime creature hits you!!!
Ouch! That really hurt!
You die...

#########################
........@J)..............
.......###.......#####...
....... #.......# #...
....... #....(..# #...
....... #.J...(.# #...
....... #......(# #...
....... #.......#####...
....... #...............
#...............


You could see a very large slime creature.

Vanquished Creatures
  A two-headed ogre (D:8)
  Erica (D:8)
  Joseph (D:7)
  A queen bee (D:9)
  The ghost of sagitran the Sneak, a novice VSEn of Wu Jian (D:5)
  A slime creature (D:9)
  2 hippogriffs
  A water moccasin (D:5)
  3 ice beasts
  A slave (D:9)
  2 ogres (D:8)
  2 orc warriors (D:8)
  3 centaurs
  A big kobold (D:9)
  5 bullfrogs
  A water moccasin zombie (D:8)
  2 scorpions
  A water moccasin skeleton (D:4)
  17 killer bees (D:9)
  5 wights (D:8)
  A howler monkey (D:4)
  A bullfrog zombie (D:7)
  2 jellies
  A bullfrog skeleton (D:7)
  3 hounds
  6 orc priests
  A centaur skeleton (D:5)
  Terence (D:3)
  2 iguanas
  4 worker ants
  5 orc wizards
  A hound zombie (D:8)
  A howler monkey skeleton (D:7)
  5 gnolls
  8 adders
  2 adder skeletons
  8 worms
  2 dart slugs
  4 leopard geckos
  22 orcs
  4 giant cockroaches
  8 hobgoblins
  17 jackals
  8 quokkas
  2 ball pythons
  18 bats
  3 frilled lizards
  A giant cockroach zombie (D:5)
  5 goblins
  8 kobolds
  A leopard gecko zombie (D:7)
  2 quokka skeletons
  A quokka zombie (D:5)
  6 rats
216 creatures vanquished.

Vanquished Creatures (others)
  An orc (D:5)
1 creature vanquished.

Grand Total: 217 creatures vanquished

Notes
Turn   | Place    | Note
-------+----------+-------------------------------------------
     0 | D:1      | nikopol the Deep Elf Fire Elementalist began the quest for the Orb.
     0 | D:1      | Reached XP level 1. HP: 10/10 MP: 6/6
   457 | D:1      | Reached XP level 2. HP: 15/15 MP: 2/8
  1133 | D:1      | Found a sparkling altar of Nemelex Xobeh.
  1244 | D:1      | Reached XP level 3. HP: 14/19 MP: 5/10
  1639 | D:2      | Found a deep blue altar of Sif Muna.
  2012 | D:2      | Reached skill level 4 in Spellcasting
  2019 | D:2      | Reached XP level 4. HP: 24/24 MP: 2/12
  2584 | D:3      | Noticed Terence
  2818 | D:3      | Found a faded altar of an unknown god.
  3262 | D:3      | Learned a level 2 spell: Throw Flame
  3266 | D:3      | Learned a level 3 spell: Conjure Flame
  3303 | D:3      | Killed Terence
  3504 | D:3      | Reached XP level 5. HP: 17/28 MP: 7/13
  3952 | D:4      | Reached skill level 5 in Spellcasting
  4220 | D:4      | Found a staircase to the Ecumenical Temple.
  4242 | Temple   | Entered the Ecumenical Temple
  4365 | Temple   | Became a worshipper of Vehumet
  4819 | D:5      | Entered Level 5 of the Dungeon
  4820 | D:5      | Noticed sagitran's ghost (novice VSEn)
  4838 | D:5      | Killed sagitran's ghost
  4838 | D:5      | Reached skill level 6 in Spellcasting
  4838 | D:5      | Reached skill level 5 in Fire Magic
  4838 | D:5      | Reached XP level 6. HP: 22/33 MP: 0/17
  4964 | D:5      | Found a white marble altar of Elyvilon.
  5022 | D:5      | Noticed a water moccasin
  5037 | D:5      | Killed a water moccasin
  5037 | D:5      | Reached skill level 1 in Fighting
  5037 | D:5      | Reached XP level 7. HP: 38/38 MP: 8/19
  5363 | D:5      | Reached skill level 7 in Spellcasting
  5559 | D:5      | Learned a level 5 spell: Fireball
  5958 | D:6      | Reached * piety under Vehumet
  5958 | D:6      | Offered knowledge of Sting by Vehumet.
  6140 | D:6      | Reached skill level 5 in Conjurations
  6442 | D:6      | Found an iron altar of Okawaru.
  6444 | D:6      | Found a stormy altar of Qazlal.
  6459 | D:6      | Reached XP level 8. HP: 34/43 MP: 14/21
  6906 | D:7      | Noticed Joseph
  6923 | D:7      | Reached skill level 8 in Spellcasting
  7770 | D:8      | Reached ** piety under Vehumet
  7880 | D:8      | Offered knowledge of Throw Frost by Vehumet.
  7884 | D:8      | Learned a level 2 spell: Throw Frost
  7910 | D:8      | Noticed a hippogriff
  8191 | D:8      | Noticed Erica
  8261 | D:8      | Reached skill level 9 in Spellcasting
  8268 | D:8      | Killed Erica
  8268 | D:8      | Reached XP level 9. HP: 14/48 MP: 14/24
  8682 | D:7      | Killed Joseph
  8682 | D:7      | Reached skill level 10 in Spellcasting
  9299 | D:8      | Found an ornate altar of the Wu Jian Council.
  9339 | D:8      | Noticed a two-headed ogre
  9355 | D:8      | Killed a two-headed ogre
  9355 | D:8      | Reached skill level 11 in Spellcasting
  9374 | D:8      | Reached XP level 10. HP: 12/53 MP: 16/27
  9803 | D:8      | Found a shadowy altar of Dithmenos.
 10076 | D:8      | Offered knowledge of Dazzling Spray by Vehumet.
 10106 | D:8      | Learned a level 3 spell: Dazzling Spray
 10462 | D:9      | Reached *** piety under Vehumet
 10501 | D:9      | Found a bloodstained altar of Trog.
 11291 | D:9      | Reached skill level 12 in Spellcasting
 11652 | D:9      | Offered knowledge of Force Lance by Vehumet.
 12066 | D:9      | Noticed Pikel
 12193 | D:9      | Mangled by a very large slime creature

Vault maps used:
D:1:      evilmike_arrival_run_for_it, minivault_26, nemelex_altar_shiori
D:2:      nicolae_overflow_hidden_temple
D:3:      wad_woods_tower, chequers_ecumenical_altar_twisty,
          minmay_misc_feat_hallway, uniq_terence
D:4:      temple_green
D:5:      elyvilon_altar_4, first_bread, minivault_26
D:6:      grunt_temple_overflow_open
D:7:      uniq_joseph
D:8:      kennysheep_little_box, grunt_dithmenos_smoke_and_mirrors, uniq_erica
D:9:      basic_altar, blue_anna_alchemist, minivault_7, uniq_pikel
Temple:   nicolae_temple_elliptical

Skill      XL: |  1  2  3  4  5  6  7  8  9 10 |
---------------+-------------------------------+-----
Fire Magic     | 4 5 6 7 8 9 |  9.7
Spellcasting   | 4 6 7 9 11 12 | 12.2
Conjurations   | 2 3 4 5 7 8 9 |  9.4
Stealth        | 3 4 |  4.8
Dodging        | 3 4 |  4.7
Fighting       | 1 2 |  2.1

Action                   |  1- 3 |  4- 6 |  7- 9 | 10-12 || total
-------------------------+-------+-------+-------+-------++-------
Melee: Dagger            |       |     1 |       |       ||     1
 Cast: Flame Tongue      |    81 |   119 |   197 |   183 ||   580
       Conjure Flame     |       |     3 |     9 |    10 ||    22
       Throw Flame       |       |     4 |    30 |    25 ||    59
       Fireball          |       |       |     7 |     2 ||     9
  Use: Scroll            |       |       |     5 |    10 ||    15
       Potion            |       |       |       |     1 ||     1
  Eat: Chunk             |     3 |     9 |    10 |     2 ||    24
       Royal jelly       |       |       |     2 |     1 ||     3
       Bread ration      |       |       |       |     1 ||     1
Armor: Robe              |     7 |     7 |    19 |    13 ||    46
Dodge: Dodged            |    22 |    27 |    58 |    58 ||   165
